[ PARTIDA AOE2 · #481486673 ]
Team RMInca vs Burgundians
[ ANÁLISIS DE REPETICIÓN · EXTRAÍDO DE LA PARTIDA GRABADA ]
Feudal
10:57
Castillos
17:34
Imperial
31:48
| APM promedio | 16.1 |
| APM pico | 46 |
| eAPM promedio | 12.1 |
| Aldeanos / militares | 118 / 182 |
Foco
⚔️ 43.1% · 🌾 56.9%
Kamayuk ×122 · Skirmisher ×37 · Petard ×20 · Trebuchet (Packed) ×3
Feudal
10:28
Castillos
17:56
Imperial
—
| APM promedio | 22.0 |
| APM pico | 89 |
| eAPM promedio | 8.7 |
| Aldeanos / militares | 48 / 5 |
Foco
⚔️ 15.1% · 🌾 84.9%
Scout Cavalry ×5
Feudal
11:30
Castillos
17:30
Imperial
32:25
| APM promedio | 34.2 |
| APM pico | 111 |
| eAPM promedio | 18.0 |
| Aldeanos / militares | 103 / 131 |
Foco
⚔️ 38.3% · 🌾 61.7%
Hand Cannoneer ×65 · Knight ×58 · Bombard Cannon ×5 · Trebuchet (Packed) ×2 · Monk ×1
Feudal
—
Castillos
—
Imperial
—
| APM promedio | 47.5 |
| APM pico | 104 |
| eAPM promedio | 23.7 |
| Aldeanos / militares | 106 / 80 |
Foco
⚔️ 32.3% · 🌾 67.7%
Steppe Lancer ×66 · Unknown (1911) ×41 · Unknown (1908) ×18 · Scout Cavalry ×9 · Iron Pagoda ×2 · Trebuchet (Packed) ×2
Feudal
10:45
Castillos
17:09
Imperial
42:46
| APM promedio | 17.3 |
| APM pico | 37 |
| eAPM promedio | 12.6 |
| Aldeanos / militares | 85 / 83 |
Foco
⚔️ 31.4% · 🌾 68.6%
Throwing Axeman ×82 · Mangonel ×1
Feudal
11:03
Castillos
18:59
Imperial
35:32
| APM promedio | 24.0 |
| APM pico | 59 |
| eAPM promedio | 17.3 |
| Aldeanos / militares | 136 / 196 |
Foco
⚔️ 26.5% · 🌾 73.5%
Militia ×96 · Konnik ×92 · Battering Ram ×7 · Trebuchet (Packed) ×1
Feudal
11:29
Castillos
15:27
Imperial
36:53
| APM promedio | 27.5 |
| APM pico | 73 |
| eAPM promedio | 15.7 |
| Aldeanos / militares | 173 / 362 |
Foco
⚔️ 28.0% · 🌾 72.0%
Spearman ×258 · Monaspa ×100 · Trebuchet (Packed) ×4
Feudal
11:28
Castillos
17:05
Imperial
35:01
| APM promedio | 30.1 |
| APM pico | 58 |
| eAPM promedio | 18.2 |
| Aldeanos / militares | 131 / 264 |
Foco
⚔️ 42.4% · 🌾 57.6%
Militia ×214 · Battering Ram ×21 · Scorpion ×20 · Spearman ×8 · Trebuchet (Packed) ×1
Mapa de la partida
Recursos iniciales + cada clic de construcción. Líneas = muros · curvas = relieve. ◆ oro · ⬟ piedra · ● bayas · ✦ reliquia · ◌ hueco del cierre
Tu base· ✓ Cerrada en 17:34 · 0t muro · 2 puerta(s)
Base de StarMikego· ✓ Cerrada en 17:56 · 0t muro · 2 puerta(s)
Base de | SNV | Manolowo· ✓ Cerrada en 17:30 · 0t muro · 2 puerta(s)
Base de SNV Ribey· ✓ Cerrada en 13:23 · 2t muro · 3 puerta(s)
Base de Alibarbwire· ✓ Cerrada en 17:09 · 0t muro · 2 puerta(s)
Base de | SNV | AoEBengi· ✓ Cerrada en 18:59 · 0t muro · 3 puerta(s)
Base de geoff_91· ✓ Cerrada en 15:27 · 0t muro · 3 puerta(s)
Base de Nachoro· ✓ Cerrada en 17:05 · 0t muro · 2 puerta(s)
Terreno inicial suavizado · ◌ = hueco del cierre detectado · pasá el cursor para detalles
Inputs por minuto
— Jordo - - StarMikego
Build order — Jordo
Primeras 150 de 422 acciones detectadas
| 0:00 | Crear | Villager (Male) |
| 0:01 | Crear | Villager (Male) |
| 0:01 | Crear | Villager (Male) |
| 0:01 | Crear | Villager (Male) |
| 0:03 | Construir | House |
| 0:04 | Construir | House |
| 1:31 | Crear | Villager (Male) |
| 1:51 | Construir | Settlement |
| 2:02 | Crear | Villager (Male) |
| 2:25 | Crear | Villager (Male) |
| 2:51 | Crear | Villager (Male) |
| 3:10 | Crear | Villager (Male) |
| 3:46 | Crear | Villager (Male) |
| 4:17 | Crear | Villager (Male) |
| 4:17 | Crear | Villager (Male) |
| 5:23 | Construir | Settlement |
| 5:26 | Crear | Villager (Male) |
| 5:26 | Crear | Villager (Male) |
| 5:27 | Crear | Villager (Male) |
| 5:27 | Crear | Villager (Male) |
| 7:04 | Crear | Villager (Male) |
| 7:27 | Crear | Villager (Male) |
| 7:43 | Crear | Villager (Male) |
| 8:20 | Crear | Villager (Male) |
| 8:25 | Construir | Settlement |
| 8:33 | Construir | Settlement |
| 8:47 | Investigar | Feudal Age |
| 10:49 | Crear | Villager (Male) |
| 10:50 | Crear | Villager (Male) |
| 10:57 | Edad | Edad Feudal |
| 11:22 | Crear | Villager (Male) |
| 11:22 | Crear | Villager (Male) |
| 12:10 | Investigar | Double-Bit Axe |
| 12:14 | Investigar | Horse Collar |
| 12:16 | Crear | Villager (Male) |
| 12:16 | Crear | Villager (Male) |
| 12:17 | Construir | Farm |
| 12:43 | Construir | Farm |
| 13:06 | Construir | Blacksmith |
| 13:10 | Construir | Farm |
| 13:34 | Construir | Farm |
| 13:37 | Crear | Villager (Male) |
| 13:37 | Crear | Villager (Male) |
| 13:43 | Construir | Market |
| 14:05 | Construir | Farm |
| 14:28 | Crear | Villager (Male) |
| 14:35 | Construir | Farm |
| 14:54 | Investigar | Castle Age |
| 15:03 | Construir | Farm |
| 15:03 | Construir | Farm |
| 15:04 | Construir | Farm |
| 15:12 | Construir | Farm |
| 15:19 | Construir | Farm |
| 15:34 | Construir | Farm |
| 16:37 | Construir | Outpost |
| 17:34 | Edad | Edad de los Castillos |
| 17:42 | Construir | Outpost |
| 18:06 | Construir | Town Center |
| 18:11 | Construir | Town Center |
| 18:12 | Crear | Villager (Male) |
| 18:12 | Crear | Villager (Male) |
| 18:12 | Crear | Villager (Male) |
| 18:13 | Crear | Villager (Male) |
| 18:13 | Crear | Villager (Male) |
| 19:06 | Crear | Villager (Male) |
| 19:06 | Crear | Villager (Male) |
| 19:09 | Crear | Villager (Male) |
| 19:09 | Crear | Villager (Male) |
| 19:13 | Investigar | Bow Saw |
| 19:18 | Investigar | Stone Mining |
| 19:41 | Construir | Castle |
| 19:49 | Construir | Farm |
| 19:55 | Crear | Villager (Male) |
| 19:55 | Crear | Villager (Male) |
| 19:56 | Crear | Villager (Male) |
| 19:56 | Crear | Villager (Male) |
| 20:00 | Construir | Farm |
| 20:02 | Crear | Villager (Male) |
| 20:03 | Crear | Villager (Male) |
| 20:08 | Investigar | Padded Archer Armor |
| 20:12 | Construir | Farm |
| 20:57 | Investigar | Fletching |
| 21:01 | Construir | Farm |
| 21:08 | Construir | Farm |
| 21:10 | Construir | Farm |
| 21:12 | Crear | Villager (Male) |
| 21:12 | Crear | Villager (Male) |
| 21:13 | Crear | Villager (Male) |
| 21:13 | Crear | Villager (Male) |
| 21:14 | Crear | Villager (Male) |
| 21:25 | Construir | Farm |
| 21:37 | Construir | Farm |
| 21:42 | Construir | Farm |
| 22:01 | Construir | Farm |
| 22:09 | Construir | Farm |
| 23:01 | Construir | Settlement |
| 23:04 | Construir | Farm |
| 23:06 | Construir | Farm |
| 23:39 | Crear | Villager (Male) |
| 23:39 | Crear | Villager (Male) |
| 23:40 | Crear | Villager (Male) |
| 23:40 | Crear | Villager (Male) |
| 23:42 | Crear | Villager (Male) |
| 23:42 | Crear | Villager (Male) |
| 23:47 | Crear | Villager (Male) |
| 23:50 | Investigar | Bodkin Arrow |
| 24:03 | Investigar | Gold Mining |
| 24:14 | Investigar | Andean Sling |
| 24:17 | Construir | Farm |
| 24:29 | Construir | Barracks |
| 24:50 | Construir | Settlement |
| 24:53 | Crear | Villager (Male) |
| 24:53 | Crear | Villager (Male) |
| 24:55 | Crear | Villager (Male) |
| 24:55 | Crear | Villager (Male) |
| 24:56 | Crear | Villager (Male) |
| 24:56 | Crear | Villager (Male) |
| 25:01 | Construir | Farm |
| 25:09 | Construir | Farm |
| 25:12 | Crear | Villager (Male) |
| 25:12 | Crear | Villager (Male) |
| 25:17 | Construir | Settlement |
| 25:25 | Crear | Villager (Male) |
| 25:26 | Crear | Villager (Male) |
| 25:27 | Crear | Villager (Male) |
| 25:29 | Crear | Villager (Male) |
| 25:29 | Crear | Villager (Male) |
| 25:36 | Construir | Archery Range |
| 25:40 | Crear | Kamayuk |
| 25:40 | Crear | Kamayuk |
| 25:40 | Crear | Kamayuk |
| 25:41 | Crear | Kamayuk |
| 25:41 | Crear | Kamayuk |
| 25:41 | Crear | Kamayuk |
| 25:41 | Crear | Kamayuk |
| 25:42 | Crear | Kamayuk |
| 25:42 | Crear | Kamayuk |
| 25:43 | Crear | Kamayuk |
| 25:43 | Crear | Kamayuk |
| 26:00 | Construir | Farm |
| 26:05 | Investigar | Heavy Plow |
| 26:17 | Construir | Farm |
| 26:18 | Construir | Farm |
| 26:18 | Construir | Farm |
| 26:19 | Construir | Farm |
| 26:22 | Construir | Farm |
| 26:36 | Construir | Archery Range |
| 26:42 | Construir | Farm |
| 26:46 | Investigar | Wheelbarrow |
| 26:50 | Investigar | Forging |
Build order — StarMikego
93 acciones detectadas en el replay
| 0:01 | Crear | Villager (Male) |
| 0:02 | Crear | Villager (Male) |
| 0:02 | Crear | Villager (Male) |
| 0:03 | Construir | House |
| 0:06 | Construir | House |
| 0:43 | Crear | Villager (Male) |
| 1:34 | Crear | Villager (Male) |
| 1:50 | Construir | Lumber Camp |
| 2:02 | Crear | Villager (Male) |
| 2:18 | Crear | Villager (Male) |
| 2:51 | Crear | Villager (Male) |
| 3:16 | Crear | Villager (Male) |
| 3:49 | Construir | Mill |
| 4:08 | Crear | Villager (Male) |
| 4:13 | Construir | House |
| 4:18 | Crear | Villager (Male) |
| 4:23 | Crear | Villager (Male) |
| 4:23 | Crear | Villager (Male) |
| 4:45 | Crear | Villager (Male) |
| 5:23 | Crear | Villager (Male) |
| 5:38 | Crear | Villager (Male) |
| 5:49 | Crear | Villager (Male) |
| 5:49 | Crear | Villager (Male) |
| 6:04 | Construir | House |
| 6:46 | Crear | Villager (Male) |
| 6:49 | Crear | Villager (Male) |
| 6:50 | Crear | Villager (Male) |
| 6:50 | Crear | Villager (Male) |
| 6:50 | Crear | Villager (Male) |
| 8:15 | Investigar | Feudal Age |
| 8:26 | Construir | Mining Camp |
| 9:54 | Construir | Barracks |
| 10:28 | Edad | Edad Feudal |
| 10:35 | Investigar | Wheelbarrow |
| 10:53 | Construir | Stable |
| 11:03 | Construir | House |
| 11:44 | Construir | Farm |
| 11:45 | Crear | Scout Cavalry |
| 11:48 | Construir | Farm |
| 11:49 | Crear | Villager (Male) |
| 11:53 | Construir | Farm |
| 11:57 | Construir | Farm |
| 12:57 | Crear | Villager (Male) |
| 12:57 | Crear | Villager (Male) |
| 12:57 | Crear | Villager (Male) |
| 12:59 | Construir | Farm |
| 13:01 | Construir | Farm |
| 13:04 | Construir | Farm |
| 13:07 | Construir | Farm |
| 13:09 | Crear | Scout Cavalry |
| 13:25 | Construir | Farm |
| 14:02 | Crear | Villager (Male) |
| 14:29 | Construir | Blacksmith |
| 14:33 | Crear | Villager (Male) |
| 14:36 | Investigar | Double-Bit Axe |
| 14:42 | Construir | House |
| 14:45 | Investigar | Loom |
| 14:47 | Investigar | Town Watch |
| 15:12 | Construir | House |
| 15:16 | Investigar | Castle Age |
| 15:24 | Construir | Farm |
| 15:28 | Construir | Farm |
| 15:32 | Construir | Farm |
| 15:35 | Construir | Farm |
| 16:40 | Crear | Scout Cavalry |
| 16:41 | Crear | Scout Cavalry |
| 16:41 | Crear | Scout Cavalry |
| 17:56 | Edad | Edad de los Castillos |
| 18:01 | Construir | Town Center |
| 18:17 | Investigar | Scale Barding Armor |
| 18:19 | Crear | Villager (Male) |
| 18:19 | Crear | Villager (Male) |
| 18:24 | Construir | Town Center |
| 18:45 | Crear | Villager (Male) |
| 18:47 | Crear | Villager (Male) |
| 18:47 | Crear | Villager (Male) |
| 19:22 | Construir | Farm |
| 19:24 | Crear | Villager (Male) |
| 19:25 | Crear | Villager (Male) |
| 19:39 | Construir | Farm |
| 19:39 | Construir | Farm |
| 19:40 | Construir | Farm |
| 19:40 | Construir | Farm |
| 19:40 | Construir | Farm |
| 19:41 | Construir | Farm |
| 19:41 | Construir | Farm |
| 19:41 | Construir | Farm |
| 19:42 | Construir | Farm |
| 19:45 | Crear | Villager (Male) |
| 20:31 | Crear | Villager (Male) ×3 |
| 20:54 | Crear | Villager (Male) ×4 |
| 21:30 | Crear | Villager (Male) ×4 |
| 21:40 | Construir | Castle |
Build order — | SNV | Manolowo
Primeras 150 de 384 acciones detectadas
| 0:01 | Crear | Villager (Male) |
| 0:01 | Crear | Villager (Male) |
| 0:01 | Crear | Villager (Male) |
| 0:01 | Crear | Villager (Male) |
| 0:02 | Crear | Villager (Male) |
| 0:03 | Construir | House |
| 0:04 | Construir | House |
| 1:25 | Crear | Villager (Male) |
| 1:44 | Construir | Lumber Camp |
| 1:48 | Crear | Villager (Male) |
| 1:48 | Crear | Villager (Male) |
| 2:12 | Crear | Villager (Male) |
| 2:12 | Crear | Villager (Male) |
| 2:43 | Crear | Villager (Male) |
| 2:43 | Crear | Villager (Male) |
| 3:08 | Crear | Villager (Male) |
| 3:08 | Crear | Villager (Male) |
| 3:55 | Crear | Villager (Male) |
| 3:59 | Construir | House |
| 4:00 | Construir | House |
| 4:01 | Crear | Villager (Male) |
| 4:01 | Crear | Villager (Male) |
| 4:06 | Construir | House |
| 4:43 | Crear | Villager (Male) |
| 4:49 | Construir | Mill |
| 4:56 | Construir | Mill |
| 5:10 | Crear | Villager (Male) |
| 5:10 | Crear | Villager (Male) |
| 5:23 | Crear | Villager (Male) |
| 5:24 | Crear | Villager (Male) |
| 5:40 | Crear | Villager (Male) |
| 5:40 | Crear | Villager (Male) |
| 5:45 | Crear | Villager (Male) |
| 5:45 | Crear | Villager (Male) |
| 5:57 | Crear | Villager (Male) |
| 6:03 | Construir | Farm |
| 6:27 | Construir | Farm |
| 6:35 | Crear | Villager (Male) |
| 7:09 | Construir | Lumber Camp |
| 7:14 | Crear | Villager (Male) |
| 7:46 | Crear | Villager (Male) |
| 7:54 | Construir | Mill |
| 8:07 | Crear | Villager (Male) |
| 8:16 | Investigar | Double-Bit Axe |
| 8:30 | Crear | Villager (Male) |
| 9:04 | Construir | Mining Camp |
| 9:18 | Investigar | Feudal Age |
| 9:32 | Crear | Villager (Male) |
| 9:44 | Construir | House |
| 9:45 | Construir | House |
| 10:22 | Investigar | Horse Collar |
| 10:29 | Investigar | Gold Mining |
| 10:40 | Crear | Villager (Male) |
| 11:05 | Construir | Farm |
| 11:07 | Construir | Farm |
| 11:10 | Construir | Farm |
| 11:30 | Edad | Edad Feudal |
| 11:41 | Construir | Market |
| 12:09 | Construir | Blacksmith |
| 12:13 | Crear | Villager (Male) |
| 12:23 | Construir | Farm |
| 12:35 | Crear | Villager (Male) |
| 12:47 | Construir | Farm |
| 12:58 | Crear | Villager (Male) |
| 13:12 | Construir | Farm |
| 13:24 | Crear | Villager (Male) |
| 13:33 | Crear | Villager (Male) |
| 13:37 | Construir | Farm |
| 13:59 | Investigar | Loom |
| 14:02 | Construir | Farm |
| 14:30 | Construir | Barracks |
| 14:34 | Investigar | Castle Age |
| 14:42 | Construir | House |
| 15:02 | Crear | Villager (Male) |
| 15:16 | Investigar | Bow Saw |
| 15:22 | Investigar | Heavy Plow |
| 15:22 | Investigar | Heavy Plow |
| 15:34 | Construir | Stable |
| 15:56 | Construir | Farm |
| 16:10 | Investigar | Wheelbarrow |
| 16:33 | Construir | House |
| 16:35 | Construir | House |
| 16:36 | Construir | House |
| 16:37 | Crear | Villager (Male) |
| 16:41 | Investigar | Scale Barding Armor |
| 17:09 | Construir | Farm |
| 17:12 | Construir | Farm |
| 17:15 | Construir | Farm |
| 17:25 | Construir | Farm |
| 17:30 | Edad | Edad de los Castillos |
| 17:41 | Construir | Mining Camp |
| 17:49 | Crear | Knight |
| 17:49 | Crear | Knight |
| 17:50 | Crear | Knight |
| 17:53 | Crear | Knight |
| 17:59 | Construir | Farm |
| 18:09 | Crear | Villager (Male) |
| 18:17 | Construir | House |
| 18:18 | Construir | House |
| 18:18 | Construir | House |
| 18:23 | Investigar | Forging |
| 19:04 | Construir | Town Center |
| 19:09 | Crear | Villager (Male) |
| 19:27 | Investigar | Cavalier (upgrade) |
| 19:27 | Investigar | Cavalier (upgrade) |
| 19:45 | Construir | Stable |
| 19:49 | Investigar | Town Watch |
| 19:54 | Crear | Villager (Male) |
| 20:19 | Crear | Villager (Male) |
| 20:41 | Investigar | Hand Cart |
| 20:57 | Construir | Farm |
| 20:59 | Crear | Villager (Male) |
| 21:00 | Crear | Villager (Male) |
| 21:00 | Crear | Villager (Male) |
| 21:00 | Crear | Villager (Male) |
| 21:09 | Crear | Knight |
| 21:16 | Crear | Villager (Male) |
| 21:16 | Crear | Villager (Male) |
| 21:19 | Construir | Farm |
| 21:25 | Investigar | Stone Mining |
| 21:37 | Investigar | Husbandry |
| 21:43 | Construir | Farm |
| 22:39 | Crear | Villager (Male) |
| 22:40 | Crear | Villager (Male) |
| 22:43 | Crear | Villager (Male) |
| 22:46 | Investigar | Crop Rotation |
| 22:59 | Crear | Knight |
| 22:59 | Crear | Knight |
| 23:04 | Construir | Farm |
| 23:10 | Crear | Villager (Male) |
| 23:10 | Crear | Villager (Male) |
| 23:11 | Crear | Villager (Male) |
| 23:11 | Crear | Villager (Male) |
| 23:27 | Crear | Knight |
| 23:27 | Crear | Knight |
| 23:27 | Crear | Knight |
| 23:31 | Construir | Monastery |
| 23:35 | Crear | Villager (Male) |
| 23:35 | Crear | Villager (Male) |
| 23:51 | Crear | Knight |
| 23:51 | Crear | Knight |
| 23:51 | Crear | Knight |
| 23:54 | Construir | Farm |
| 23:57 | Crear | Villager (Male) |
| 23:57 | Crear | Villager (Male) |
| 24:14 | Crear | Knight |
| 24:14 | Crear | Knight |
| 24:19 | Construir | Farm |
| 24:23 | Construir | Mining Camp |
| 24:32 | Crear | Villager (Male) |
Build order — SNV Ribey
Primeras 150 de 395 acciones detectadas
| 0:04 | Crear | Villager (Male) |
| 0:04 | Crear | Villager (Male) |
| 0:05 | Crear | Villager (Male) |
| 0:06 | Construir | House |
| 0:07 | Construir | House |
| 0:23 | Crear | Villager (Male) |
| 0:23 | Crear | Villager (Male) |
| 1:32 | Crear | Villager (Male) |
| 1:32 | Crear | Villager (Male) |
| 1:32 | Crear | Villager (Male) |
| 1:46 | Crear | Villager (Male) |
| 1:46 | Crear | Villager (Male) |
| 1:52 | Construir | Lumber Camp |
| 2:17 | Crear | Villager (Male) |
| 2:40 | Crear | Villager (Male) |
| 3:14 | Crear | Villager (Male) |
| 3:15 | Crear | Villager (Male) |
| 3:29 | Construir | House |
| 3:48 | Crear | Villager (Male) |
| 4:10 | Crear | Villager (Male) |
| 4:43 | Crear | Villager (Male) |
| 5:01 | Crear | Villager (Male) |
| 5:27 | Crear | Villager (Male) |
| 5:38 | Construir | House |
| 5:57 | Crear | Villager (Male) |
| 6:12 | Construir | Mill |
| 6:23 | Crear | Villager (Male) |
| 6:42 | Crear | Villager (Male) |
| 7:14 | Investigar | Loom |
| 7:48 | Investigar | Feudal Age |
| 7:49 | Investigar | Feudal Age |
| 7:49 | Investigar | Feudal Age |
| 8:40 | Construir | Barracks |
| 8:42 | Construir | House |
| 9:29 | Construir | Mining Camp |
| 9:40 | Crear | Villager (Male) |
| 10:01 | Crear | Villager (Male) |
| 10:42 | Crear | Villager (Male) |
| 10:58 | Construir | Market |
| 11:02 | Construir | Blacksmith |
| 11:14 | Construir | Farm |
| 11:16 | Construir | Farm |
| 11:25 | Crear | Villager (Male) |
| 11:45 | Crear | Villager (Male) |
| 11:51 | Construir | Farm |
| 11:59 | Construir | Farm |
| 12:05 | Construir | Palisade Wall |
| 12:06 | Construir | Palisade Wall |
| 13:06 | Construir | Farm |
| 13:23 | Investigar | Castle Age |
| 13:23 | Investigar | Castle Age |
| 13:24 | Investigar | Castle Age |
| 13:36 | Construir | Stable |
| 13:45 | Construir | Farm |
| 13:47 | Construir | Farm |
| 13:52 | Construir | Farm |
| 13:56 | Construir | Farm |
| 14:19 | Construir | Farm |
| 14:26 | Investigar | Double-Bit Axe |
| 14:26 | Investigar | Double-Bit Axe |
| 14:26 | Investigar | Double-Bit Axe |
| 15:00 | Crear | Scout Cavalry |
| 15:00 | Crear | Scout Cavalry |
| 15:01 | Crear | Scout Cavalry |
| 15:01 | Crear | Scout Cavalry |
| 15:14 | Construir | Farm |
| 15:18 | Construir | Farm |
| 15:20 | Investigar | Horse Collar |
| 15:20 | Investigar | Horse Collar |
| 15:28 | Construir | House |
| 15:38 | Crear | Villager (Male) |
| 15:59 | Investigar | Forging |
| 16:00 | Investigar | Forging |
| 16:09 | Crear | Villager (Male) |
| 16:24 | Crear | Scout Cavalry |
| 16:24 | Crear | Scout Cavalry |
| 16:36 | Construir | Farm |
| 16:51 | Crear | Scout Cavalry |
| 17:04 | Crear | Villager (Male) |
| 17:14 | Crear | Scout Cavalry |
| 17:20 | Crear | Villager (Male) |
| 17:39 | Crear | Villager (Male) |
| 17:45 | Construir | Farm |
| 17:45 | Construir | Farm |
| 17:53 | Construir | House |
| 17:54 | Construir | House |
| 18:14 | Crear | Villager (Male) |
| 18:14 | Crear | Villager (Male) |
| 18:16 | Crear | Scout Cavalry |
| 18:35 | Investigar | Bloodlines |
| 18:45 | Crear | Villager (Male) |
| 18:48 | Construir | Farm |
| 18:57 | Construir | Farm |
| 18:59 | Construir | Farm |
| 19:14 | Crear | Steppe Lancer |
| 19:17 | Crear | Villager (Male) |
| 19:20 | Construir | Farm |
| 19:29 | Investigar | Scale Barding Armor |
| 19:37 | Crear | Villager (Male) |
| 19:40 | Construir | Farm |
| 20:05 | Crear | Steppe Lancer |
| 20:05 | Crear | Steppe Lancer |
| 20:08 | Crear | Villager (Male) |
| 20:08 | Crear | Villager (Male) |
| 20:14 | Construir | Siege Workshop |
| 20:22 | Crear | Villager (Male) |
| 20:27 | Crear | Steppe Lancer |
| 20:35 | Investigar | Heavy Plow |
| 20:36 | Investigar | Heavy Plow |
| 20:36 | Investigar | Heavy Plow |
| 21:06 | Investigar | Iron Casting |
| 21:06 | Investigar | Iron Casting |
| 21:13 | Crear | Villager (Male) |
| 21:19 | Crear | Steppe Lancer |
| 21:20 | Crear | Steppe Lancer |
| 21:20 | Crear | Steppe Lancer |
| 21:27 | Crear | Villager (Male) |
| 21:49 | Construir | House |
| 21:50 | Construir | House |
| 21:50 | Construir | House |
| 21:54 | Investigar | Wheelbarrow |
| 22:01 | Crear | Steppe Lancer |
| 22:07 | Construir | House |
| 22:16 | Crear | Steppe Lancer |
| 22:16 | Crear | Steppe Lancer |
| 22:17 | Crear | Villager (Male) |
| 22:34 | Construir | Outpost |
| 22:43 | Crear | Villager (Male) |
| 22:45 | Crear | Steppe Lancer |
| 23:03 | Construir | House |
| 23:54 | Crear | Villager (Male) |
| 24:10 | Construir | Lumber Camp |
| 24:44 | Crear | Villager (Male) |
| 24:46 | Crear | Villager (Male) |
| 24:49 | Investigar | Town Watch |
| 24:49 | Crear | Villager (Male) |
| 24:52 | Investigar | Gold Mining |
| 25:01 | Investigar | Husbandry |
| 25:02 | Investigar | Husbandry |
| 25:15 | Crear | Iron Pagoda |
| 25:20 | Crear | Villager (Male) |
| 25:28 | Crear | Steppe Lancer |
| 25:33 | Investigar | Scale Barding Armor |
| 26:03 | Construir | Stable |
| 26:08 | Crear | Steppe Lancer |
| 26:09 | Crear | Steppe Lancer |
| 26:09 | Crear | Steppe Lancer |
| 26:10 | Crear | Villager (Male) |
| 26:11 | Crear | Villager (Male) |
| 26:11 | Crear | Villager (Male) |
Build order — Alibarbwire
Primeras 150 de 299 acciones detectadas
| 0:01 | Crear | Villager (Male) |
| 0:01 | Crear | Villager (Male) |
| 0:01 | Crear | Villager (Male) |
| 0:03 | Construir | House |
| 0:05 | Construir | House |
| 0:13 | Crear | Villager (Male) |
| 1:32 | Crear | Villager (Male) |
| 1:48 | Construir | Lumber Camp |
| 2:00 | Crear | Villager (Male) |
| 2:27 | Crear | Villager (Male) |
| 2:48 | Crear | Villager (Male) |
| 2:59 | Construir | House |
| 3:08 | Crear | Villager (Male) |
| 3:44 | Crear | Villager (Male) |
| 3:52 | Construir | House |
| 4:01 | Crear | Villager (Male) |
| 4:22 | Construir | Mill |
| 4:39 | Crear | Villager (Male) |
| 4:43 | Crear | Villager (Male) |
| 5:40 | Crear | Villager (Male) |
| 5:40 | Crear | Villager (Male) |
| 6:06 | Crear | Villager (Male) |
| 6:37 | Crear | Villager (Male) |
| 6:52 | Crear | Villager (Male) |
| 7:29 | Crear | Villager (Male) |
| 7:52 | Investigar | Feudal Age |
| 7:54 | Crear | Villager (Male) |
| 8:11 | Investigar | Feudal Age |
| 8:11 | Investigar | Feudal Age |
| 8:43 | Construir | Farm |
| 8:47 | Construir | Farm |
| 8:53 | Construir | House |
| 8:53 | Construir | House |
| 8:56 | Crear | Villager (Male) |
| 8:57 | Crear | Villager (Male) |
| 9:51 | Construir | Mill |
| 9:58 | Construir | Farm |
| 10:45 | Edad | Edad Feudal |
| 10:46 | Construir | Mining Camp |
| 10:50 | Construir | Farm |
| 10:52 | Crear | Villager (Male) |
| 10:53 | Crear | Villager (Male) |
| 11:20 | Construir | Blacksmith |
| 11:31 | Construir | Farm |
| 11:35 | Crear | Villager (Male) |
| 11:44 | Construir | Mining Camp |
| 11:45 | Crear | Villager (Male) |
| 11:47 | Investigar | Double-Bit Axe |
| 12:10 | Investigar | Loom |
| 12:19 | Construir | Market |
| 12:45 | Crear | Villager (Male) |
| 14:16 | Construir | Farm |
| 14:16 | Crear | Villager (Male) |
| 14:28 | Investigar | Castle Age |
| 14:31 | Investigar | Stone Mining |
| 14:43 | Investigar | Fletching |
| 15:20 | Construir | Mill |
| 16:55 | Crear | Villager (Male) |
| 16:55 | Crear | Villager (Male) |
| 17:09 | Edad | Edad de los Castillos |
| 17:22 | Construir | Castle |
| 18:18 | Construir | House |
| 18:22 | Construir | House |
| 18:34 | Construir | House |
| 18:50 | Construir | Farm |
| 18:51 | Construir | Farm |
| 18:52 | Crear | Villager (Male) |
| 18:52 | Crear | Villager (Male) |
| 20:24 | Crear | Villager (Male) |
| 20:24 | Crear | Villager (Male) |
| 20:25 | Crear | Villager (Male) |
| 20:50 | Construir | Castle |
| 21:14 | Construir | Siege Workshop |
| 21:17 | Investigar | Scale Mail Armor |
| 21:19 | Investigar | Forging |
| 21:23 | Construir | Farm |
| 21:23 | Crear | Villager (Male) |
| 21:24 | Crear | Villager (Male) |
| 21:34 | Construir | University |
| 21:47 | Construir | Stone Wall |
| 21:57 | Crear | Mangonel |
| 22:33 | Crear | Villager (Male) |
| 22:33 | Crear | Villager (Male) |
| 23:05 | Construir | Town Center |
| 23:15 | Crear | Villager (Male) |
| 23:32 | Crear | Villager (Male) |
| 24:17 | Investigar | Fortified Wall (upgrade) |
| 24:40 | Crear | Villager (Male) |
| 25:02 | Crear | Throwing Axeman |
| 25:02 | Crear | Throwing Axeman |
| 25:02 | Crear | Throwing Axeman |
| 25:22 | Construir | Barracks |
| 25:26 | Crear | Villager (Male) |
| 25:41 | Construir | Farm |
| 25:41 | Construir | Farm |
| 25:42 | Construir | Farm |
| 25:42 | Construir | Farm |
| 25:43 | Crear | Villager (Male) |
| 26:01 | Construir | Farm |
| 26:10 | Crear | Villager (Male) |
| 26:15 | Crear | Villager (Male) |
| 26:36 | Construir | House |
| 26:37 | Construir | House |
| 26:39 | Crear | Villager (Male) |
| 26:46 | Construir | Farm |
| 26:52 | Crear | Villager (Male) |
| 26:52 | Crear | Villager (Male) |
| 27:00 | Crear | Villager (Male) |
| 27:09 | Construir | Farm |
| 27:10 | Crear | Villager (Male) |
| 27:51 | Crear | Throwing Axeman |
| 27:51 | Crear | Throwing Axeman |
| 27:51 | Crear | Throwing Axeman |
| 28:24 | Crear | Throwing Axeman |
| 28:24 | Crear | Throwing Axeman |
| 28:31 | Construir | Farm |
| 28:33 | Construir | Farm |
| 28:33 | Crear | Villager (Male) |
| 28:34 | Crear | Villager (Male) |
| 28:46 | Construir | Town Center |
| 29:05 | Crear | Throwing Axeman |
| 29:05 | Crear | Throwing Axeman |
| 29:06 | Crear | Throwing Axeman |
| 29:53 | Crear | Throwing Axeman |
| 29:53 | Crear | Throwing Axeman |
| 29:54 | Crear | Throwing Axeman |
| 29:54 | Crear | Throwing Axeman |
| 30:10 | Crear | Throwing Axeman |
| 30:10 | Crear | Throwing Axeman |
| 30:25 | Crear | Throwing Axeman |
| 30:50 | Investigar | Squires |
| 31:04 | Crear | Throwing Axeman |
| 31:04 | Crear | Throwing Axeman |
| 31:22 | Construir | Farm |
| 31:23 | Construir | Farm |
| 31:24 | Crear | Villager (Male) |
| 31:24 | Crear | Villager (Male) |
| 31:35 | Construir | Stone Wall |
| 31:44 | Investigar | Masonry |
| 31:50 | Construir | House |
| 32:10 | Construir | Stone Wall |
| 32:18 | Construir | Stone Wall |
| 32:22 | Crear | Throwing Axeman |
| 32:23 | Crear | Throwing Axeman |
| 32:23 | Crear | Throwing Axeman |
| 32:26 | Construir | Farm |
| 32:27 | Construir | Farm |
| 32:31 | Crear | Villager (Male) |
| 32:34 | Crear | Villager (Male) |
| 32:38 | Construir | Farm |
Build order — | SNV | AoEBengi
Primeras 150 de 370 acciones detectadas
| 0:01 | Crear | Villager (Male) |
| 0:02 | Construir | House |
| 0:03 | Construir | House |
| 0:25 | Crear | Villager (Male) |
| 0:25 | Crear | Villager (Male) |
| 0:26 | Crear | Villager (Male) |
| 0:26 | Crear | Villager (Male) |
| 1:30 | Crear | Villager (Male) |
| 2:09 | Investigar | Loom |
| 2:11 | Crear | Villager (Male) |
| 2:17 | Construir | Lumber Camp |
| 2:27 | Crear | Villager (Male) |
| 2:58 | Crear | Villager (Male) |
| 2:58 | Crear | Villager (Male) |
| 3:21 | Crear | Villager (Male) |
| 3:22 | Crear | Villager (Male) |
| 4:02 | Crear | Villager (Male) |
| 4:03 | Crear | Villager (Male) |
| 4:17 | Construir | House |
| 4:18 | Construir | House |
| 4:48 | Construir | Mill |
| 5:27 | Crear | Villager (Male) |
| 5:39 | Crear | Villager (Male) |
| 5:48 | Crear | Villager (Male) |
| 6:39 | Crear | Villager (Male) |
| 6:45 | Construir | Mill |
| 6:57 | Crear | Villager (Male) |
| 7:22 | Crear | Villager (Male) |
| 7:48 | Investigar | Feudal Age |
| 7:57 | Crear | Villager (Male) |
| 8:28 | Crear | Villager (Male) |
| 8:46 | Investigar | Feudal Age |
| 9:02 | Construir | Mining Camp |
| 9:32 | Construir | House |
| 9:34 | Construir | House |
| 9:34 | Construir | House |
| 9:46 | Crear | Villager (Male) |
| 10:04 | Construir | Mining Camp |
| 10:27 | Crear | Villager (Male) |
| 11:03 | Edad | Edad Feudal |
| 11:04 | Crear | Villager (Male) |
| 11:22 | Construir | Market |
| 11:25 | Construir | Blacksmith |
| 11:50 | Construir | Farm |
| 11:51 | Construir | Farm |
| 11:51 | Construir | Farm |
| 11:51 | Construir | Farm |
| 11:52 | Construir | Farm |
| 11:52 | Construir | Farm |
| 11:52 | Construir | Farm |
| 11:53 | Construir | Farm |
| 11:54 | Construir | Farm |
| 11:54 | Construir | Farm |
| 11:54 | Construir | Farm |
| 11:55 | Construir | Farm |
| 12:09 | Construir | Farm |
| 12:10 | Construir | Farm |
| 12:10 | Construir | Farm |
| 12:11 | Construir | Farm |
| 12:18 | Crear | Villager (Male) |
| 12:34 | Crear | Villager (Male) |
| 12:40 | Investigar | Horse Collar |
| 12:44 | Investigar | Double-Bit Axe |
| 12:59 | Crear | Villager (Male) |
| 13:15 | Crear | Villager (Male) |
| 13:22 | Construir | Farm |
| 13:23 | Construir | Farm |
| 13:23 | Construir | Farm |
| 13:23 | Construir | Farm |
| 13:24 | Construir | Farm |
| 13:24 | Construir | Farm |
| 13:34 | Crear | Villager (Male) |
| 13:48 | Construir | Farm |
| 14:09 | Construir | Farm |
| 14:25 | Crear | Villager (Male) |
| 14:29 | Construir | Farm |
| 14:43 | Crear | Villager (Male) |
| 14:44 | Construir | Farm |
| 14:57 | Construir | Farm |
| 14:59 | Construir | Farm |
| 15:12 | Crear | Villager (Male) |
| 15:40 | Crear | Villager (Male) |
| 16:17 | Crear | Villager (Male) |
| 16:19 | Investigar | Castle Age |
| 16:31 | Construir | Barracks |
| 16:49 | Crear | Villager (Male) |
| 16:49 | Crear | Villager (Male) |
| 17:22 | Crear | Villager (Male) |
| 17:22 | Crear | Villager (Male) |
| 17:24 | Crear | Villager (Male) |
| 17:40 | Construir | Barracks |
| 17:44 | Investigar | Arson |
| 18:06 | Crear | Villager (Male) |
| 18:06 | Crear | Villager (Male) |
| 18:08 | Crear | Militia |
| 18:08 | Crear | Militia |
| 18:11 | Crear | Militia |
| 18:11 | Crear | Militia |
| 18:15 | Crear | Militia |
| 18:15 | Crear | Militia |
| 18:55 | Crear | Militia |
| 18:55 | Crear | Militia |
| 18:57 | Crear | Villager (Male) |
| 18:59 | Edad | Edad de los Castillos |
| 19:03 | Construir | House |
| 19:05 | Construir | House |
| 19:09 | Investigar | Wheelbarrow |
| 19:11 | Investigar | Town Watch |
| 19:32 | Construir | Krepost |
| 20:29 | Construir | Krepost |
| 20:30 | Crear | Villager (Male) |
| 20:31 | Crear | Villager (Male) |
| 20:35 | Crear | Villager (Male) |
| 20:35 | Crear | Villager (Male) |
| 20:45 | Crear | Villager (Male) |
| 20:46 | Crear | Villager (Male) |
| 21:03 | Construir | Mining Camp |
| 21:05 | Crear | Villager (Male) |
| 21:05 | Crear | Villager (Male) |
| 21:12 | Investigar | Gambesons |
| 21:13 | Investigar | Squires |
| 21:20 | Crear | Villager (Male) |
| 21:21 | Crear | Villager (Male) |
| 21:56 | Construir | Mining Camp |
| 21:58 | Crear | Villager (Male) |
| 21:58 | Crear | Villager (Male) |
| 22:10 | Crear | Villager (Male) |
| 22:16 | Crear | Villager (Male) |
| 22:46 | Crear | Villager (Male) |
| 22:58 | Crear | Villager (Male) |
| 22:58 | Crear | Villager (Male) |
| 23:09 | Construir | Town Center |
| 23:18 | Construir | Town Center |
| 23:35 | Investigar | Hand Cart |
| 23:38 | Crear | Militia ×5 |
| 23:39 | Crear | Militia ×5 |
| 23:46 | Construir | Siege Workshop |
| 23:50 | Construir | Siege Workshop |
| 23:52 | Crear | Villager (Male) |
| 23:53 | Crear | Villager (Male) |
| 24:01 | Crear | Militia |
| 24:02 | Crear | Militia |
| 24:10 | Crear | Villager (Male) |
| 24:25 | Crear | Battering Ram |
| 24:38 | Crear | Villager (Male) |
| 24:38 | Crear | Villager (Male) |
| 24:48 | Investigar | Forging |
| 24:48 | Investigar | Scale Mail Armor |
| 24:54 | Crear | Battering Ram |
| 24:54 | Crear | Battering Ram |
Build order — geoff_91
Primeras 150 de 452 acciones detectadas
| 0:04 | Construir | House |
| 0:06 | Crear | Villager (Male) ×4 |
| 0:07 | Investigar | Loom |
| 1:10 | Construir | House |
| 1:13 | Construir | House |
| 1:13 | Construir | House |
| 1:52 | Crear | Villager (Male) |
| 1:52 | Crear | Villager (Male) |
| 1:52 | Crear | Villager (Male) |
| 2:09 | Crear | Villager (Male) |
| 2:10 | Crear | Villager (Male) |
| 3:03 | Crear | Villager (Male) |
| 3:04 | Crear | Villager (Male) |
| 3:04 | Crear | Villager (Male) |
| 3:18 | Crear | Villager (Male) |
| 3:19 | Crear | Villager (Male) |
| 3:45 | Crear | Villager (Male) |
| 3:45 | Crear | Villager (Male) |
| 4:01 | Crear | Villager (Male) |
| 4:02 | Crear | Villager (Male) |
| 4:29 | Construir | Mill |
| 4:36 | Crear | Villager (Male) |
| 4:36 | Crear | Villager (Male) |
| 5:00 | Crear | Villager (Male) |
| 5:46 | Crear | Villager (Male) |
| 5:47 | Crear | Villager (Male) |
| 6:18 | Crear | Villager (Male) |
| 6:18 | Crear | Villager (Male) |
| 6:18 | Crear | Villager (Male) |
| 6:18 | Crear | Villager (Male) |
| 6:29 | Crear | Villager (Male) |
| 6:29 | Crear | Villager (Male) |
| 6:55 | Crear | Villager (Male) |
| 6:56 | Crear | Villager (Male) |
| 8:15 | Crear | Villager (Male) |
| 8:21 | Construir | House |
| 8:47 | Crear | Villager (Male) |
| 9:03 | Construir | Mule Cart |
| 9:06 | Investigar | Feudal Age |
| 10:26 | Crear | Villager (Male) |
| 10:26 | Crear | Villager (Male) |
| 11:29 | Edad | Edad Feudal |
| 11:39 | Construir | Market |
| 11:44 | Construir | Blacksmith |
| 11:58 | Construir | Farm |
| 11:58 | Construir | Farm |
| 12:11 | Construir | Farm |
| 12:11 | Construir | Farm |
| 12:22 | Crear | Villager (Male) |
| 12:46 | Investigar | Castle Age |
| 12:47 | Investigar | Castle Age |
| 13:31 | Construir | Farm |
| 13:32 | Construir | Farm |
| 14:05 | Investigar | Horse Collar |
| 14:08 | Investigar | Double-Bit Axe |
| 14:35 | Crear | Villager (Male) |
| 14:35 | Crear | Villager (Male) |
| 14:48 | Construir | House |
| 15:27 | Edad | Edad de los Castillos |
| 15:31 | Construir | Town Center |
| 15:43 | Investigar | Bow Saw |
| 15:55 | Crear | Villager (Male) |
| 16:29 | Crear | Villager (Male) |
| 16:29 | Crear | Villager (Male) |
| 16:49 | Investigar | Heavy Plow |
| 16:57 | Construir | Farm |
| 16:58 | Construir | Farm |
| 17:13 | Crear | Villager (Male) |
| 17:13 | Crear | Villager (Male) |
| 17:13 | Crear | Villager (Male) |
| 17:21 | Construir | Farm |
| 17:27 | Construir | Farm |
| 17:31 | Construir | Farm |
| 17:41 | Crear | Villager (Male) |
| 17:42 | Crear | Villager (Male) |
| 17:56 | Construir | Farm |
| 17:58 | Crear | Villager (Male) |
| 17:58 | Crear | Villager (Male) |
| 18:15 | Construir | Farm |
| 18:21 | Construir | Farm |
| 18:22 | Crear | Villager (Male) |
| 18:23 | Crear | Villager (Male) |
| 18:23 | Crear | Villager (Male) |
| 18:23 | Crear | Villager (Male) |
| 18:31 | Construir | Farm |
| 18:43 | Construir | House |
| 18:48 | Crear | Villager (Male) |
| 18:48 | Crear | Villager (Male) |
| 18:53 | Construir | Farm |
| 19:07 | Crear | Villager (Male) |
| 19:08 | Crear | Villager (Male) |
| 19:25 | Crear | Villager (Male) |
| 19:25 | Crear | Villager (Male) |
| 19:35 | Construir | Town Center |
| 19:43 | Construir | House |
| 19:43 | Construir | House |
| 19:45 | Crear | Villager (Male) |
| 20:07 | Crear | Villager (Male) |
| 20:08 | Crear | Villager (Male) |
| 20:15 | Construir | House |
| 20:18 | Construir | House |
| 20:19 | Construir | House |
| 20:21 | Crear | Villager (Male) |
| 20:22 | Crear | Villager (Male) |
| 20:43 | Construir | Farm |
| 20:45 | Construir | Farm |
| 20:46 | Construir | Farm |
| 20:47 | Construir | Farm |
| 20:50 | Crear | Villager (Male) |
| 20:51 | Crear | Villager (Male) |
| 20:51 | Crear | Villager (Male) |
| 21:11 | Construir | Castle |
| 21:12 | Crear | Villager (Male) |
| 21:13 | Crear | Villager (Male) |
| 21:17 | Crear | Villager (Male) |
| 21:18 | Crear | Villager (Male) |
| 21:26 | Construir | Farm |
| 21:26 | Construir | Farm |
| 21:28 | Construir | Farm |
| 21:28 | Construir | Farm |
| 21:29 | Construir | Farm |
| 21:31 | Crear | Villager (Male) |
| 21:31 | Crear | Villager (Male) |
| 21:49 | Construir | Farm |
| 21:51 | Crear | Villager (Male) |
| 21:51 | Crear | Villager (Male) |
| 22:16 | Construir | Barracks |
| 22:18 | Crear | Villager (Male) |
| 22:18 | Crear | Villager (Male) |
| 22:27 | Crear | Villager (Male) |
| 22:28 | Crear | Villager (Male) |
| 22:40 | Crear | Villager (Male) |
| 22:40 | Crear | Villager (Male) |
| 22:52 | Construir | Farm |
| 22:55 | Construir | Farm |
| 22:57 | Crear | Villager (Male) |
| 22:57 | Crear | Villager (Male) |
| 23:04 | Construir | Farm |
| 23:04 | Construir | Farm |
| 23:07 | Crear | Villager (Male) |
| 23:17 | Investigar | Gold Mining |
| 23:18 | Investigar | Stone Mining |
| 23:26 | Construir | Farm |
| 23:30 | Crear | Spearman ×3 |
| 23:36 | Construir | House |
| 23:38 | Crear | Villager (Male) |
| 23:38 | Crear | Villager (Male) |
| 23:39 | Crear | Villager (Male) |
| 23:45 | Construir | Farm |
| 23:47 | Crear | Villager (Male) |
Build order — Nachoro
Primeras 150 de 528 acciones detectadas
| 0:02 | Construir | House |
| 0:03 | Crear | Villager (Male) |
| 0:03 | Crear | Villager (Male) |
| 0:03 | Crear | Villager (Male) |
| 0:04 | Crear | Villager (Male) |
| 0:04 | Crear | Villager (Male) |
| 0:05 | Construir | House |
| 1:46 | Crear | Villager (Male) |
| 1:46 | Crear | Villager (Male) |
| 1:52 | Construir | Lumber Camp |
| 2:07 | Crear | Villager (Male) |
| 2:08 | Crear | Villager (Male) |
| 2:30 | Crear | Villager (Male) |
| 2:30 | Crear | Villager (Male) |
| 3:12 | Construir | Mill |
| 3:18 | Crear | Villager (Male) |
| 3:18 | Crear | Villager (Male) |
| 3:27 | Construir | House |
| 3:51 | Crear | Villager (Male) |
| 4:10 | Crear | Villager (Male) |
| 4:10 | Crear | Villager (Male) |
| 4:37 | Crear | Villager (Male) |
| 4:38 | Crear | Villager (Male) |
| 4:38 | Crear | Villager (Male) |
| 5:33 | Crear | Villager (Male) |
| 5:34 | Crear | Villager (Male) |
| 6:04 | Crear | Villager (Male) |
| 6:04 | Crear | Villager (Male) |
| 6:39 | Construir | House |
| 6:42 | Crear | Villager (Male) |
| 6:42 | Crear | Villager (Male) |
| 7:04 | Crear | Villager (Male) |
| 7:29 | Crear | Villager (Male) |
| 7:29 | Crear | Villager (Male) |
| 7:37 | Construir | Mill |
| 7:56 | Crear | Villager (Male) |
| 7:56 | Crear | Villager (Male) |
| 9:15 | Investigar | Feudal Age |
| 9:20 | Construir | Lumber Camp |
| 9:40 | Construir | Farm |
| 9:40 | Construir | Farm |
| 9:40 | Construir | Farm |
| 9:41 | Construir | Farm |
| 9:41 | Construir | Farm |
| 9:41 | Construir | Farm |
| 9:43 | Construir | Farm |
| 10:14 | Construir | House |
| 10:16 | Construir | House |
| 10:26 | Crear | Villager (Male) |
| 10:27 | Crear | Villager (Male) |
| 10:36 | Construir | Farm |
| 10:42 | Construir | Farm |
| 11:28 | Edad | Edad Feudal |
| 11:33 | Construir | Blacksmith |
| 11:51 | Investigar | Double-Bit Axe |
| 12:03 | Construir | Mining Camp |
| 12:12 | Crear | Villager (Male) |
| 12:24 | Construir | House |
| 12:27 | Crear | Villager (Male) |
| 12:28 | Crear | Villager (Male) |
| 12:29 | Crear | Villager (Male) |
| 13:19 | Construir | Market |
| 13:27 | Crear | Villager (Male) |
| 13:27 | Crear | Villager (Male) |
| 13:48 | Construir | Barracks |
| 13:53 | Investigar | Scale Mail Armor |
| 14:23 | Investigar | Castle Age |
| 14:33 | Construir | Farm |
| 14:37 | Investigar | Horse Collar |
| 14:39 | Crear | Villager (Male) |
| 14:39 | Crear | Villager (Male) |
| 14:43 | Construir | Farm |
| 14:56 | Crear | Spearman |
| 14:56 | Crear | Militia |
| 15:02 | Construir | House |
| 15:03 | Construir | House |
| 15:07 | Crear | Spearman |
| 15:08 | Crear | Spearman |
| 15:23 | Investigar | Gold Mining |
| 16:03 | Construir | House |
| 16:22 | Investigar | Man-at-Arms (upgrade) |
| 16:47 | Crear | Villager (Male) |
| 16:48 | Crear | Villager (Male) |
| 16:50 | Construir | Barracks |
| 16:52 | Crear | Militia |
| 16:53 | Crear | Militia |
| 17:05 | Edad | Edad de los Castillos |
| 17:10 | Crear | Villager (Male) |
| 17:10 | Crear | Villager (Male) |
| 17:19 | Crear | Militia |
| 17:23 | Crear | Villager (Male) |
| 17:34 | Construir | Town Center |
| 17:52 | Crear | Militia |
| 17:52 | Crear | Militia |
| 17:52 | Crear | Militia |
| 18:26 | Construir | Barracks |
| 18:26 | Crear | Militia |
| 18:28 | Crear | Militia |
| 18:28 | Crear | Militia |
| 19:11 | Crear | Militia |
| 19:11 | Crear | Militia |
| 19:16 | Crear | Militia |
| 19:17 | Crear | Militia |
| 19:24 | Investigar | Arson |
| 19:52 | Crear | Villager (Male) |
| 19:53 | Crear | Villager (Male) |
| 19:53 | Crear | Villager (Male) |
| 20:24 | Crear | Militia |
| 20:24 | Crear | Militia |
| 20:35 | Construir | Mining Camp |
| 20:57 | Construir | Town Center |
| 21:00 | Crear | Villager (Male) |
| 21:01 | Crear | Villager (Male) |
| 21:01 | Crear | Villager (Male) |
| 21:05 | Investigar | Loom |
| 21:14 | Construir | Farm |
| 21:28 | Construir | Farm |
| 22:02 | Construir | Farm |
| 22:02 | Crear | Villager (Male) |
| 22:02 | Crear | Villager (Male) |
| 22:03 | Crear | Villager (Male) |
| 22:36 | Construir | House |
| 22:38 | Construir | House |
| 22:39 | Construir | House |
| 22:39 | Construir | House |
| 22:46 | Investigar | Bow Saw |
| 22:53 | Crear | Villager (Male) |
| 22:53 | Crear | Villager (Male) |
| 23:09 | Construir | House |
| 23:10 | Construir | House |
| 23:11 | Construir | House |
| 23:11 | Construir | House |
| 23:11 | Construir | House |
| 23:16 | Crear | Villager (Male) |
| 23:16 | Crear | Villager (Male) |
| 23:23 | Construir | Farm |
| 23:23 | Construir | Farm |
| 23:23 | Construir | Farm |
| 23:23 | Construir | Farm |
| 23:24 | Construir | Farm |
| 23:34 | Construir | Farm |
| 23:39 | Construir | Farm |
| 23:47 | Crear | Villager (Male) |
| 23:53 | Crear | Villager (Male) |
| 23:53 | Crear | Villager (Male) |
| 23:55 | Crear | Villager (Male) |
| 24:00 | Construir | Siege Workshop |
| 24:20 | Crear | Villager (Male) |
| 24:21 | Crear | Villager (Male) |
| 24:30 | Construir | Farm |
Cronología de la partida
| 8:40 | SNV Ribey · first_building Barracks |
| 9:54 | StarMikego · first_building Barracks |
| 10:28 | StarMikego · age_up feudal |
| 10:45 | Alibarbwire · age_up feudal |
| 10:53 | StarMikego · first_building Stable |
| 10:57 | Jordo · age_up feudal |
| 11:03 | | SNV | AoEBengi · age_up feudal |
| 11:28 | Nachoro · age_up feudal |
| 11:29 | geoff_91 · age_up feudal |
| 11:30 | | SNV | Manolowo · age_up feudal |
| 12:05 | SNV Ribey · wall_segment Palisade Wall x1 |
| 12:06 | SNV Ribey · wall_segment Palisade Wall x1 |
| 12:25 | SNV Ribey · first_market_buy 100 food |
| 13:10 | SNV Ribey · first_market_sell 100 stone |
| 13:36 | SNV Ribey · first_building Stable |
| 13:48 | Nachoro · first_building Barracks |
| 14:25 | Alibarbwire · first_market_sell 100 food |
| 14:30 | | SNV | Manolowo · first_building Barracks |
| 14:35 | | SNV | AoEBengi · first_market_buy 100 food |
| 15:27 | geoff_91 · age_up castle |
| 15:33 | Alibarbwire · first_market_buy 100 stone |
| 15:34 | | SNV | Manolowo · first_building Stable |
| 16:31 | | SNV | AoEBengi · first_building Barracks |
| 16:47 | geoff_91 · first_market_buy 100 food |
| 17:05 | Nachoro · age_up castle |
| 17:09 | Alibarbwire · age_up castle |
| 17:22 | Alibarbwire · first_building Castle |
| 17:30 | | SNV | Manolowo · age_up castle |
| 17:34 | Jordo · age_up castle |
| 17:56 | StarMikego · age_up castle |
| 18:59 | | SNV | AoEBengi · age_up castle |
| 19:25 | Jordo · first_market_buy 100 stone |
| 19:32 | | SNV | AoEBengi · first_building Krepost |
| 19:41 | Jordo · first_building Castle |
| 20:14 | SNV Ribey · first_building Siege Workshop |
| 20:49 | Nachoro · first_market_buy 100 wood |
| 21:11 | geoff_91 · first_building Castle |
| 21:14 | Alibarbwire · first_building Siege Workshop |
| 21:40 | StarMikego · first_building Castle |
| 21:47 | Alibarbwire · wall_segment Stone Wall x6 |
| 22:06 | StarMikego · resign |
| 22:16 | geoff_91 · first_building Barracks |
| 23:31 | | SNV | Manolowo · first_building Monastery |
| 23:46 | | SNV | AoEBengi · first_building Siege Workshop |
| 24:00 | Nachoro · first_building Siege Workshop |
| 24:29 | Jordo · first_building Barracks |
| 25:00 | geoff_91 · wall_segment Stone Wall x11 |
| 25:22 | Alibarbwire · first_building Barracks |
| 25:36 | Jordo · first_building Archery Range |
| 25:52 | geoff_91 · wall_segment Stone Wall x11 |
| 26:53 | | SNV | AoEBengi · first_building Castle |
| 27:43 | | SNV | Manolowo · first_market_sell 100 wood |
| 27:53 | | SNV | Manolowo · first_building Siege Workshop |
| 27:59 | | SNV | Manolowo · first_building Castle |
| 28:28 | | SNV | AoEBengi · first_market_sell 100 stone |
| 28:45 | geoff_91 · wall_segment Stone Wall x4 |
| 30:01 | geoff_91 · first_building Stable |
| 30:30 | Nachoro · first_building Castle |
| 31:35 | Alibarbwire · wall_segment Stone Wall x1 |
| 31:48 | Jordo · age_up imperial |
| 32:10 | Alibarbwire · wall_segment Stone Wall x3 |
| 32:18 | Alibarbwire · wall_segment Stone Wall x1 |
| 32:25 | | SNV | Manolowo · age_up imperial |
| 33:12 | SNV Ribey · first_building Monastery |
| 34:05 | geoff_91 · first_market_sell 100 wood |
| 34:09 | Nachoro · tribute_sent a jugador 1 |
| 34:09 | Nachoro · tribute_sent a jugador 2 |
| 34:09 | Nachoro · tribute_sent a jugador 3 |
| 34:09 | Nachoro · tribute_sent a jugador 4 |
| 34:09 | Nachoro · tribute_sent a jugador 5 |
| 34:09 | Nachoro · tribute_sent a jugador 6 |
| 34:09 | Nachoro · tribute_sent a jugador 7 |
| 34:24 | SNV Ribey · first_building Castle |
| 35:01 | Nachoro · age_up imperial |
| 35:32 | | SNV | AoEBengi · age_up imperial |
| 36:02 | Nachoro · first_market_sell 100 wood |
| 36:53 | geoff_91 · age_up imperial |
| 38:55 | Alibarbwire · wall_segment Stone Wall x5 |
| 41:21 | | SNV | Manolowo · first_building Archery Range |
| 42:13 | SNV Ribey · first_building Archery Range |
| 42:46 | Alibarbwire · age_up imperial |
| 46:26 | Alibarbwire · wall_segment Stone Wall x8 |
[ ANÁLISIS IA · 1 CRÉDITO ]
¿Qué pasó realmente en esta partida?
Wolo.gg analiza cada decisión: build order, eco, micro, errores típicos por bracket. Análisis personalizado por WhatsApp o Discord en 30 segundos.
Guía civ
Inca
Guía mapa
Arena
Perfil
Jordo